Map: 2000 Atmospheres LE

Players

TLHarstem (Harstem)

  • Race: Protoss Protoss
  • League: Master

soul - Winner!

  • Race: Terran Terran
  • League: Grandmaster

Event: DreamHack SC2 Masters 2021 Summer

VOD

Have the link to the VOD?

Description

Time

  • Played on: May 23, 2021, 1:15 p.m.
  • Length: 11:22

All games in this series

Show
View Real Time Build Order
Export as new Build Order

TLHarstem Protoss 

Build Orders: 1 Gate Expand, Blink Stalkers, Zealot Archon 

Get SALT Encoding   

  12  0:00  Probe  
  13  0:12  Probe  
  14  0:17  Pylon  
  14  0:24  Probe  
  15  0:36  Probe (Chrono Boost)  
  15  0:37  Gateway  
  16  0:47  Assimilator, Probe (Chrono Boost)  
  17  0:52  Probe (Chrono Boost)  
  18  1:03  Probe  
  19  1:15  Probe  
  20  1:24  Cybernetics Core  
  20  1:33  Nexus  
  20  1:40  Pylon  
  20  1:42  Probe  
  21  1:50  Assimilator  
  21  1:54  Probe  
  21  1:57  Adept (Chrono Boost)  
  21  2:01  Warp Gate  
  24  2:06  Probe  
  25  2:19  Adept, Probe  
  28  2:28  Twilight Council  
  28  2:31  Probe  
  29  2:43  Probe  
  30  2:46  Probe  
  31  2:55  Probe  
  31  2:56  Blink (Chrono Boost)  
  31  2:58  Probe  
  32  3:07  Probe  
  32  3:10  Probe  
  34  3:19  Probe  
  33  3:22  Probe  
  33  3:25  Gateway  
  34  3:31  Probe  
  37  3:34  Probe  
  36  3:43  Probe  
  36  3:45  Nexus  
  36  3:46  Pylon  
  36  3:48  Probe  
  38  3:50  Sentry  
  40  3:55  Probe (Chrono Boost)  
  40  3:58  Robotics Facility  
  42  4:05  Probe (Chrono Boost)  
  42  4:07  Probe (Chrono Boost)  
  43  4:13  Probe (Chrono Boost)  
  43  4:14  Stalker, Pylon, Probe (Chrono Boost)  
  47  4:20  Stalker  
  47  4:22  Probe  
  50  4:24  Probe  
  50  4:26  Pylon  
  51  4:34  Probe  
  51  4:36  Probe  
  51  4:38  Stalker  
  55  4:46  Probe  
  55  4:48  Probe  
  55  4:51  Stalker  
  56  4:58  Probe  
  56  4:59  Probe  
  52  5:01  Probe (Chrono Boost), Charge  
  51  5:10  Probe (Chrono Boost)  
  51  5:11  Probe (Chrono Boost)  
  54  5:15  Observer  
  54  5:18  Probe (Chrono Boost)  
  54  5:20  Stalker, Probe (Chrono Boost)  
  54  5:21  Probe (Chrono Boost)  
  59  5:26  Probe (Chrono Boost), Forge  
  62  5:30  Probe (Chrono Boost)  
  62  5:31  Probe (Chrono Boost)  
  62  5:33  Probe (Chrono Boost)  
  63  5:35  Stalker  
  63  5:38  Probe (Chrono Boost)  
  63  5:39  Probe (Chrono Boost)  
  63  5:40  Probe (Chrono Boost)  
  68  5:47  Assimilator  
  68  5:49  Pylon  
  70  5:51  Probe (Chrono Boost)  
  70  5:54  Probe (Chrono Boost)  
  70  5:55  Probe (Chrono Boost)  
  70  5:56  Probe (Chrono Boost)  
  71  6:01  Stalker x2, Observer  
  71  6:02  Probe x2 (Chrono Boost)  
  77  6:05  Probe (Chrono Boost)  
  76  6:14  Probe (Chrono Boost)  
  76  6:15  Protoss Ground Armor Level 1 (Chrono Boost)  
  76  6:17  Probe (Chrono Boost)  
  79  6:19  Probe (Chrono Boost)  
  79  6:21  Gateway, Probe (Chrono Boost)  
  79  6:22  Probe (Chrono Boost)  
  79  6:23  Gateway  
  79  6:25  Gateway, Probe (Chrono Boost)  
  82  6:29  Probe (Chrono Boost)  
  82  6:32  Probe (Chrono Boost)  
  82  6:37  Zealot, Sentry  
  87  6:42  Probe (Chrono Boost)  
  87  6:43  Assimilator  
  87  6:45  Pylon  
  87  6:46  Probe (Chrono Boost)  
  88  6:48  Probe (Chrono Boost)  
  88  6:51  Probe (Chrono Boost), Templar Archives  
  88  6:53  Pylon, Probe (Chrono Boost)  
  90  6:55  Pylon  
  90  7:00  Shield Battery  
  90  7:01  Probe  
  90  7:02  Assimilator  
  90  7:03  Probe  
  90  7:05  Stalker x2, Assimilator  
  90  7:08  Probe  
  96  7:11  Phoenix  
  96  7:13  Probe (Chrono Boost)  
  94  7:16  Probe (Chrono Boost)  
  94  7:18  Zealot x2  
  98  7:23  Probe (Chrono Boost)  
  98  7:25  Robotics Bay  
  98  7:26  Probe (Chrono Boost)  
  98  7:28  Shield Battery  
  100  7:30  Pylon, Probe (Chrono Boost)  
  100  7:36  Probe (Chrono Boost)  
  102  7:37  Warp Prism  
  102  7:39  High Templar x2  
  102  7:40  Probe (Chrono Boost)  
  108  7:45  Pylon  
  108  7:46  Probe  
  108  7:48  Archon  
  109  7:53  Zealot x3  
  109  7:57  Probe  
  114  7:59  Probe  
  115  8:05  Probe  
  115  8:09  Robotics Bay  
  115  8:10  Robotics Facility  
  115  8:12  Probe  
  117  8:13  Disruptor (Chrono Boost)  
  117  8:14  Pylon  
  117  8:15  Zealot x5  
  117  8:19  Protoss Ground Weapons Level 1  
  130  8:30  Probe  
  130  8:31  Probe, Photon Cannon  
  130  8:33  Probe  
  131  8:35  Photon Cannon  
  131  8:39  Zealot x4  
  139  8:44  Photon Cannon  
  139  8:54  Photon Cannon  
  138  8:57  Probe  
  138  8:58  Disruptor (Chrono Boost)  
  140  9:08  Pylon  
  140  9:12  Pylon, Disruptor (Chrono Boost)  
  141  9:17  Pylon  
  141  9:18  Probe (Chrono Boost)  
  141  9:19  Pylon  
  141  9:20  Probe (Chrono Boost)  
  141  9:30  Probe (Chrono Boost)  
  138  9:31  Stalker  
  138  9:32  Probe (Chrono Boost), Nexus  
  138  9:34  Pylon  
  138  9:38  Probe (Chrono Boost)  
  135  9:39  Probe (Chrono Boost)  
  132  9:49  Probe  
  132  9:51  Disruptor (Chrono Boost), High Templar x2  
  132  9:52  High Templar x2  
  143  9:55  Pylon  
  143  9:57  High Templar  
  143  9:59  Archon  
  145  10:00  Archon  
  145  10:01  Probe  
  145  10:03  Photon Cannon  
  145  10:04  Shield Battery  
  145  10:05  Probe  
  145  10:06  Photon Cannon  
  145  10:10  Disruptor (Chrono Boost)  
  148  10:17  Photon Cannon  
  148  10:18  Photon Cannon  
  148  10:24  Probe  
  148  10:25  Disruptor (Chrono Boost)  
  152  10:33  Stalker x2  
  152  10:34  Stalker x2  
  158  10:39  Disruptor  
  152  10:49  Probe x2  
  148  10:50  Stalker  
  150  10:59  Zealot x4  
Show
View Real Time Build Order
Export as new Build Order

soul Terran - Winner!

Build Orders:  

Get SALT Encoding   

  12  0:00  SCV  
  13  0:12  SCV  
  14  0:17  Supply Depot  
  14  0:24  SCV  
  15  0:38  SCV  
  15  0:39  Barracks  
  16  0:45  Refinery  
  16  0:50  SCV  
  17  1:02  SCV  
  18  1:14  SCV  
  19  1:26  Marine  
  19  1:27  Orbital Command  
  20  1:41  Command Center  
  20  1:44  Reaper  
  21  1:50  Supply Depot  
  21  1:54  SCV  
  22  2:09  Factory  
  22  2:10  SCV  
  23  2:15  Bunker  
  23  2:22  SCV  
  24  2:23  Refinery  
  24  2:26  Barracks Reactor  
  24  2:34  SCV  
  25  2:46  SCV  
  26  2:55  Orbital Command  
  26  2:59  Hellion  
  26  3:00  SCV, Starport  
  26  3:01  Orbital Command  
  26  3:02  Marine  
  26  3:04  Marine  
  31  3:14  SCV  
  32  3:20  Widow Mine, Marine  
  32  3:22  Marine  
  35  3:27  SCV x2  
  37  3:38  Medivac  
  37  3:39  SCV  
  37  3:40  SCV  
  41  3:48  Supply Depot  
  41  3:50  Marine, Hellion x2  
  41  3:54  Supply Depot  
  46  4:05  Supply Depot  
  46  4:10  SCV x2  
  46  4:12  Starport Tech Lab  
  48  4:19  Factory Tech Lab  
  48  4:20  Marine x2  
  48  4:22  SCV x2  
  52  4:31  Raven  
  52  4:32  Command Center  
  52  4:34  SCV x2  
  56  4:42  Marine  
  57  4:46  SCV x2, Siege Tank  
  57  4:50  Marine  
  61  4:59  SCV  
  58  5:00  Marine  
  58  5:03  SCV  
  56  5:08  Marine  
  56  5:11  SCV  
  54  5:15  Barracks x2  
  54  5:16  Refinery  
  54  5:17  Refinery  
  54  5:18  Marine, Siege Tank  
  54  5:20  Banshee  
  61  5:25  Marine  
  61  5:26  Supply Depot  
  61  5:27  Supply Depot  
  62  5:33  Engineering Bay  
  62  5:34  Engineering Bay  
  62  5:35  Marine  
  62  5:39  SCV  
  62  5:42  SCV  
  65  5:43  Marine  
  65  5:46  Orbital Command  
  64  5:51  SCV, Siege Tank  
  64  5:53  Marine  
  64  5:54  SCV  
  68  6:00  Terran Infantry Weapons Level 1, Terran Infantry Armor Level 1  
  68  6:01  Marine  
  68  6:03  SCV  
  70  6:06  SCV  
  71  6:12  Barracks  
  71  6:15  Starport Reactor, SCV, Barracks, Orbital Command  
  71  6:16  Stimpack  
  71  6:17  Missile Turret  
  72  6:20  SCV  
  73  6:28  SCV  
  73  6:32  SCV  
  75  6:34  Marine x2  
  75  6:35  Marauder  
  75  6:37  Factory Reactor  
  79  6:40  SCV  
  79  6:41  SCV  
  79  6:44  SCV  
  79  6:46  Marauder, Combat Shield  
  84  6:52  SCV, Marine  
  84  6:53  SCV  
  87  6:54  Medivac  
  87  6:55  Supply Depot  
  87  6:56  Marauder, Supply Depot, Medivac  
  87  6:57  SCV  
  94  7:02  Barracks Reactor  
  94  7:04  SCV, Marine  
  94  7:07  Marauder  
  99  7:10  Marine  
  99  7:12  SCV  
  101  7:16  SCV  
  101  7:17  Marine, Refinery  
  101  7:18  Refinery  
  101  7:20  Barracks Tech Lab  
  101  7:21  Marine  
  100  7:23  Supply Depot  
  100  7:24  Supply Depot, Medivac  
  100  7:25  SCV x2  
  100  7:28  Marine  
  100  7:29  Marauder  
  107  7:32  Widow Mine x2  
  107  7:35  Marauder  
  113  7:37  Medivac  
  113  7:39  SCV x2  
  113  7:43  Armory  
  117  7:44  Marine  
  117  7:45  Marauder  
  121  7:51  SCV x2  
  121  7:52  Ghost Academy  
  121  7:53  Supply Depot x2  
  121  7:56  Concussive Shells  
  121  7:57  SCV  
  123  7:58  Medivac  
  123  8:02  Marine, Marauder  
  123  8:03  SCV  
  128  8:07  Widow Mine x2  
  132  8:14  Bunker, Medivac  
  132  8:15  Sensor Tower  
  138  8:20  Supply Depot  
  138  8:24  Supply Depot, Ghost x2  
  138  8:25  Marine x2  
  139  8:30  Widow Mine  
  141  8:37  Marauder  
  143  8:43  Viking  
  143  8:44  Viking  
  143  8:45  SCV  
  143  8:46  Command Center  
  148  8:50  Terran Infantry Weapons Level 2  
  148  8:52  Marine  
  148  8:54  Marauder  
  150  9:01  SCV x2  
  152  9:07  Marine, Marauder  
  152  9:09  Marine x2  
  157  9:11  Marine  
  157  9:13  Viking  
  157  9:14  Viking  
  162  9:18  Marine  
  162  9:25  Marine  
  162  9:28  Marine, Marauder  
  162  9:30  Marine  
  162  9:31  Marauder  
  167  9:35  Marine  
  167  9:36  Marauder  
  168  9:43  Marine, Viking  
  168  9:44  SCV x3, Starport  
  170  9:49  Marine  
  170  9:50  Marauder  
  171  9:56  SCV x2  
  171  9:58  SCV, Viking, Refinery  
  176  10:00  Planetary Fortress, Refinery  
  176  10:03  Supply Depot  
  176  10:05  Marine, Marauder  
  179  10:08  SCV, Fusion Core  
  179  10:09  SCV  
  179  10:10  SCV  
  179  10:13  Ghost  
  184  10:20  SCV  
  185  10:21  SCV  
  185  10:26  Command Center  
  186  10:29  Barracks x2  
  186  10:34  Viking x3  
  190  10:37  Viking  
  190  10:41  Ghost x2  
  196  10:46  Marine  
  196  10:48  Marine  
  196  11:04  Marine  
Tags
 
Add a new tag
Caveats
  • Supply blocks, unpowered buildings, or Contaminate may cause inaccurate times.
  • Supply counts are checked every 10 seconds.